 Dungeon Crawl Stone Soup version 0.27.0-1-g7a089689b8 (webtiles) character file.

Game seed: 17017511738071749700

55 Gargoyl the Skirmisher (level 3, -4/35 HPs)
             Began as a Gnoll Abyssal Knight on July 31, 2021.
             Was a Follower of Lugonu.
             Killed from afar by Sigmund (12 damage)
             ... with a puff of flame
             ... on level 2 of the Dungeon.
             The game lasted 00:01:43 (1721 turns).

Gargoyl the Skirmisher (Gnoll Abyssal Knight)       Turns: 1721, Time: 00:01:43

Health: -4/35      AC:  6    Str: 12    XL:     3   Next: 93%
Magic:  6/6        EV: 11    Int: 11    God:    Lugonu [*.....]
Gold:   91         SH:  0    Dex: 11    Spells: 4/4 levels left

rFire    . . .     SeeInvis .   a - +2 hand axe
rCold    . . .     Faith    .   (no shield)
rNeg     . . .     Spirit   .   h - +0 ring mail
rPois    .         Reflect  .   (no helmet)
rElec    .         Harm     .   (no cloak)
rCorr    .         Rampage  .   (no gloves)
Will     .....                  (no boots)
Stlth    ..........             (no amulet)
HPRegen  0.11/turn              (no ring)
MPRegen  0.10/turn              (no ring)

@: confused, brilliant, flying
A: fangs 1, strong nose, distributed training
a: Renounce Religion, Depart the Abyss


You were on level 2 of the Dungeon.
You worshipped Lugonu.
Lugonu was aware of your devotion.
You visited 1 branch of the dungeon, and saw 2 of its levels.
You visited the Abyss 1 time.

You collected 91 gold pieces.

Inventory:

Hand Weapons
 a - a +2 hand axe (weapon)
 c - a +0 war axe
Armour
 h - a +0 ring mail (worn)
Scrolls
 f - a scroll of fear {unknown}
 g - a scroll of immolation {unknown}


   Skills:
 + Level 6.5 Fighting
 + Level 1.0 Short Blades
 + Level 1.0 Long Blades
 + Level 4.6 Axes
 + Level 1.0 Maces & Flails
 + Level 1.0 Polearms
 + Level 1.0 Staves
 + Level 1.0 Slings
 + Level 1.0 Bows
 + Level 1.0 Crossbows
 + Level 1.0 Throwing
 + Level 4.6 Armour
 + Level 2.6 Dodging
 + Level 1.0 Stealth
 + Level 1.0 Shields
 + Level 1.0 Unarmed Combat
 + Level 1.0 Spellcasting
 + Level 0.7 Conjurations
 + Level 0.7 Hexes
 + Level 0.7 Summonings
 + Level 0.7 Necromancy
 + Level 0.7 Translocations
 + Level 0.7 Transmutations
 + Level 0.7 Fire Magic
 + Level 0.7 Ice Magic
 + Level 0.7 Air Magic
 + Level 0.7 Earth Magic
 + Level 0.7 Poison Magic
 + Level 4.6 Invocations
 + Level 1.0 Evocations


You had 4 spell levels left.
You didn't know any spells.
Your spell library was empty.

Dungeon Overview and Level Annotations

Branches:
Dungeon (2/15)

Altars:

Annotations:
D:2 Sigmund


Innate Abilities, Weirdness & Mutations

You have very sharp teeth.
Your uncanny sense of smell can sniff out nearby items.
Your experience applies equally to all skills.


Message History

Sigmund hits you with a +2 scythe of freezing.
Sigmund freezes you.
Unknown command.
It was a potion of flight.
You feel very buoyant.
You fly up into the air.
The rat bites you but does no damage. Sigmund misses you.
It was a potion of brilliance.
You feel clever all of a sudden.
You feel less confused. The rat bites you but does no damage.
Sigmund barely misses you.
You hit Sigmund.
Sigmund is lightly wounded.
You hit the rat.
You kill the rat!
Lugonu accepts your kill. Sigmund hits you but does no damage.
Unknown command.
You hit Sigmund.
Sigmund is moderately wounded.
Sigmund hits you but does no damage.
Unknown command.
You hit Sigmund but do no damage.
Sigmund is moderately wounded.
Sigmund hits you with a +2 scythe of freezing!
* * * LOW HITPOINT WARNING * * *
Sigmund freezes you.
* * * LOW HITPOINT WARNING * * *
Unknown command.
Your ring mail prevents you from hitting Sigmund.
You bite Sigmund.
Sigmund is moderately wounded.
Sigmund hits you but does no damage.
Unknown command.
You barely miss Sigmund.
Sigmund is moderately wounded.
Sigmund points at you and mumbles some strange words.
You are confused.
Sigmund gestures at you while chanting. The puff of flame hits you!
You die...

#. #.#
#.#
##.##
##...##
#.>..@#
#...@.#
#....†#
##<..##
##..#
#..#
#..#
#..#
#..#


You could see Sigmund.

Vanquished Creatures
  A gnoll (D:1)
  An adder (D:1)
  6 ball pythons (D:1)
  4 endoplasms (D:1)
  A goblin (D:1)
  3 hobgoblins (D:1)
  4 jackals (D:1)
  6 kobolds (D:1)
  3 frilled lizards (D:1)
  4 rats
33 creatures vanquished.

Notes
Turn   | Place    | Note
-------+----------+-------------------------------------------
     0 | Abyss:1  | Gargoyl the Gnoll Abyssal Knight began the quest for the
                  | Orb.
     0 | Abyss:1  | Reached XP level 1. HP: 23/23 MP: 3/3
     0 | Abyss:1  | Found a corrupted altar of Lugonu.
    81 | Abyss:2  | Noticed a tentacled starspawn
    88 | Abyss:2  | Noticed a spatial maelstrom
    91 | D:1      | Escaped the Abyss
   335 | D:1      | Reached * piety under Lugonu
   437 | D:1      | Reached XP level 2. HP: 28/29 MP: 5/5
   771 | D:1      | Reached XP level 3. HP: 30/35 MP: 6/6
  1658 | D:2      | Noticed Sigmund
  1665 | D:1      | Reached skill level 1 in Short Blades
  1665 | D:1      | Reached skill level 1 in Long Blades
  1665 | D:1      | Reached skill level 1 in Maces & Flails
  1665 | D:1      | Reached skill level 1 in Polearms
  1665 | D:1      | Reached skill level 1 in Staves
  1665 | D:1      | Reached skill level 1 in Slings
  1665 | D:1      | Reached skill level 1 in Bows
  1665 | D:1      | Reached skill level 1 in Crossbows
  1665 | D:1      | Reached skill level 1 in Throwing
  1665 | D:1      | Reached skill level 1 in Stealth
  1665 | D:1      | Reached skill level 1 in Shields
  1665 | D:1      | Reached skill level 1 in Unarmed Combat
  1665 | D:1      | Reached skill level 1 in Spellcasting
  1665 | D:1      | Reached skill level 1 in Evocations
  1721 | D:2      | Killed from afar by Sigmund

Illustrated notes

Levels and vault maps discovered:
D:1:      psy_arrival_dodecagon, layout_basic, minmay_indecisive_spiral
D:2:      layout_loops_ring, uniq_crazy_yiuf_cottage, uniq_sigmund

Skill      XL: |  1  2  3 |
---------------+----------+-----
Short Blades   | 1 |  1.0
Long Blades    | 1 |  1.0
Maces & Flails | 1 |  1.0
Polearms       | 1 |  1.0
Staves         | 1 |  1.0
Slings         | 1 |  1.0
Bows           | 1 |  1.0
Crossbows      | 1 |  1.0
Throwing       | 1 |  1.0
Stealth        | 1 |  1.0
Shields        | 1 |  1.0
Unarmed Combat | 1 |  1.0
Spellcasting   | 1 |  1.0
Evocations     | 1 |  1.0
Fighting       | |  6.5
Axes           | |  4.6
Armour         | |  4.6
Dodging        | |  2.6
Conjurations   | |  0.7
Hexes          | |  0.7
Summonings     | |  0.7
Necromancy     | |  0.7
Translocations | |  0.7
Transmutations | |  0.7
Fire Magic     | |  0.7
Ice Magic      | |  0.7
Air Magic      | |  0.7
Earth Magic    | |  0.7
Poison Magic   | |  0.7
Invocations    | |  4.6

Action                   || total
-------------------------++-------
Melee: Hand axe          ||    92
       Bite              ||     3
Invok: Depart the Abyss  ||     1
  Use: Scroll            ||     1
       Potion            ||     2
 Stab: Sleeping          ||     1
Armor: Leather armour    ||    17
       Ring mail         ||    17
Dodge: Dodged            ||    48
